 Dungeon Crawl Stone Soup version 0.31.0-2-g5a2aebc5c2 (webtiles) character file.

Game seed: 12948180849541683048

254 ssalbiz the Trooper (level 5, -2/48 HPs)
             Began as a Minotaur Berserker on Jan 20, 2024.
             Was a Follower of Trog.
             Succumbed to a scorpion's poison
             ... on level 4 of the Dungeon.
             The game lasted 00:01:09 (2142 turns).

ssalbiz the Trooper (Minotaur Berserker)            Turns: 2142, Time: 00:01:10

Health: -2/48      AC:  2    Str: 23    XL:     5   Next: 91%
Magic:  4/4        EV: 12    Int:  4    God:    Trog [*.....]
Gold:   165        SH:  0    Dex: 10    Spells: 4/4 levels left

rFire   . . .        a - +0 hand axe
rCold   . . .        (no shield)
rNeg    . . .        b - +0 animal skin
rPois   .            (helmet restricted)
rElec   .            (no cloak)
rCorr   .            (no gloves)
SInv    .            (no boots)
Will    ++...        (no amulet)
Stlth   +            (no ring)
HPRegen 1.28/turn    (no ring)
MPRegen 0.09/turn

%: no passive effects
@: lethally poisoned (-2 -> -13), strong-willed, on berserk cooldown,
regenerating
A: horns 2, retaliatory headbutt
a: Renounce Religion, Berserk


You were on level 4 of the Dungeon.
You worshipped Trog.
Trog was aware of your devotion.
You visited 1 branch of the dungeon, and saw 4 of its levels.

You collected 165 gold pieces.

Inventory:

Hand Weapons
 a - a +0 hand axe (weapon)
Armour
 b - a +0 animal skin (worn)
Jewellery
 j - an amulet of guardian spirit
 l - a ring of resist corrosion
Wands
 h - a wand of quicksilver (8)
Scrolls
 d - a scroll of fear {unknown}
 e - 7 scrolls of identify {unknown}
 f - a scroll of enchant armour {unknown}
 g - 2 scrolls of immolation {unknown}
 i - a scroll of revelation {unknown}
Potions
 c - a potion of degeneration {unknown}
 k - a potion of enlightenment {unknown}
 m - a potion of curing {unknown}


   Skills:
 + Level 5.1 Fighting
 + Level 5.1 Axes
 + Level 4.2 Armour
 + Level 3.9 Dodging


You had 4 spell levels left.
You didn't know any spells.
Your spell library was empty.

Dungeon Overview and Level Annotations

Branches:
Dungeon (4/15)
 Temple: D:4-7

Altars:
Yredelemnul


Innate Abilities, Weirdness & Mutations

You have a pair of horns on your head.
You reflexively headbutt those who attack you in melee.


Message History

The scorpion stings you.
The scorpion stings you but does no damage.
A scorpion is nearby!
You closely miss the scorpion.
The scorpion is heavily wounded.
The scorpion stings you! The scorpion stings you.
You are poisoned.
The scorpion poisons you!
You hit the scorpion. Your headbutt misses the scorpion.
The scorpion is heavily wounded.
You feel very sick. The scorpion stings you. The scorpion closely misses you.
You are too injured to fight recklessly!
You are too injured to fight recklessly!
You are too injured to fight recklessly!
You're still recovering from your berserk rage.
You hit the scorpion but do no damage.
The scorpion is heavily wounded.
You feel sick. The scorpion closely misses you. x2
You hit the scorpion but do no damage. You punch the scorpion.
The scorpion is severely wounded.
You feel sick.
The scorpion stings you but does no damage.
The scorpion stings you.
* * * LOW HITPOINT WARNING * * *
You are lethally poisoned!
The scorpion poisons you!
Your skin crawls.
You feel strong-willed.
You can no longer call upon Trog for regeneration and willpower.
You feel very sick. The scorpion stings you.
* * * LOW HITPOINT WARNING * * *
You are lethally poisoned!
The scorpion poisons you! The scorpion misses you.
Unknown command.
You closely miss the scorpion. Your punch misses the scorpion.
The scorpion is severely wounded.
You feel yourself speed up.
You die...

#.. #.. ### #..
##. ..#
###..######..
)..# ..... ..##.#
....# ... #.##.#
##.....
#s##.##.##......#
#.@...#.#..#
####..#.#.##
#.......##
#.##.#...##
#..#..)#..#
##...####.# #...#
#.### ##..# #..<#
...# ###...#


You could see a scorpion.

Vanquished Creatures
  Sigmund (D:4)
  5 gnolls
  A ribbon worm (D:3)
  A dart slug (D:1)
  3 bats
  4 endoplasms
  3 goblins
  5 hobgoblins
  3 jackals (D:2)
  2 kobolds (D:1)
  9 ball pythons
  A frilled lizard (D:1)
  2 rats
40 creatures vanquished.

Notes
Turn   | Place    | Note
-------+----------+-------------------------------------------
     0 | D:1      | ssalbiz the Minotaur Berserker began the quest for the Orb.
     0 | D:1      | Reached XP level 1. HP: 19/19 MP: 0/0
   272 | D:1      | Reached XP level 2. HP: 27/27 MP: 1/1
   526 | D:1      | Reached XP level 3. HP: 32/33 MP: 2/2
  1117 | D:2      | Reached ** piety under Trog
  1142 | D:2      | Found a faded altar of an unknown god.
  1415 | D:3      | Reached XP level 4. HP: 40/40 MP: 3/3
  2045 | D:3      | Found a basalt altar of Yredelemnul.
  2104 | D:4      | Noticed Sigmund
  2114 | D:4      | Killed Sigmund
  2115 | D:4      | Reached skill level 5 in Fighting
  2115 | D:4      | Reached skill level 5 in Axes
  2115 | D:4      | Reached XP level 5. HP: 48/48 MP: 4/4
  2142 | D:4      | Succumbed to a scorpion's poison

Illustrated notes

Levels and vault maps discovered:
D:1:      sevenhm_arrival_forest_fort_small_4, layout_loops_cross
D:2:      layout_basic, hellmonk_ecumenical_altar_leap_of_faith
D:3:      layout_loops_ring, general_overflow_altar
D:4:      layout_rooms, gammafunk_ghost_smash, uniq_sigmund, uniq_pikel

Skill      XL: |  1  2  3  4 |
---------------+-------------+-----
Fighting       | 4 5 |  5.1
Axes           | 4 5 |  5.1
Armour         | 3 4 |  4.2
Dodging        | 3 |  3.9

Action                     |  1- 3 |  4- 6 || total
---------------------------+-------+-------++-------
  Melee: Hand axe          |    61 |    30 ||    91
         Headbutt          |     3 |     3 ||     6
         Punch             |       |     2 ||     2
 Invoke: Berserk           |     1 |     1 ||     2
         Trog's Hand       |       |     2 ||     2
   Stab: Sleeping          |     1 |       ||     1
 Armour: Animal skin       |    31 |    20 ||    51
  Dodge: Dodged            |    48 |    18 ||    66
